 Dungeon Crawl Stone Soup version 0.31-a0-441-g867994ef1c (webtiles) character file.

Game seed: 10408635434439287857

396153 Shayle the Illuminatus (level 23, -15/231 (239) HPs)
             Began as a Gnoll Shapeshifter on Aug 2, 2023.
             Was an Elder of Ashenzari.
             Killed from afar by an ancient lich (30 damage)
             ... with a bolt of acid
             ... on level 5 of the Vaults.
             The game lasted 05:51:49 (60823 turns).

Shayle the Illuminatus (Gnoll Shapeshifter)        Turns: 60823, Time: 05:51:51

HP:   -15/231 (239) AC: 36    Str: 16      XL:     23   Next: 20%
MP:   26/42         EV: 19    Int: 14 (18) God:    Ashenzari [****..]
Gold: 2695          SH: 24    Dex: 12      Spells: 11/53 levels left

rFire   + + .        K - +7 spear of Boaviss {drain, +Blink rPois}
rCold   + + .        V - +1 kite shield {rC+ rF+}
rNeg    + . .        h - melded quicksilver dragon scales
rPois   ∞            Q - +2 helmet "Bound Trepidation" {Bglg, Cun} (curse)
rElec   +            q - +2 cloak "Share My Optimism" {Comp, Dev} (curse)
rCorr   .            p - melded +2 pair of gloves "At What Cost Knowledge?" {Stlth+, Bglg, Self} (curse)
SInv    +            k - melded +2 pair of boots "Ensconced Gloom" {Elem, Melee} (curse)
Will    +....        S - amulet "Jiteiph" {Reflect rF+ SH+5}
Stlth   +++++++      u - ring of Ashenzari's Adversity {rPois, Alch, Cun} (curse)
HPRegen 0.58/turn    z - ring "I Foresaw This" {rC+, Melee, Fort} (curse)
MPRegen 0.28/turn

%: reflection, clarity
@: statue-form, very slightly contaminated, studying 2 skills, lightly drained,
invisible, very slow
A: slow and powerful, torment resistance 1, boosted hp, fangs 1, strong nose,
distributed training, (iridescent scales 1), large bone plates 1, MP-powered
wands
}: 2/15 runes: decaying, serpentine
a: Begin Untransformation, Renounce Religion, Evoke Blink, Curse Item, Shatter
the Chains


You were on level 5 of the Vaults.
You worshipped Ashenzari.
Ashenzari was greatly pleased with you.
You were a living statue of rough stone.
You visited 9 branches of the dungeon, and saw 40 of its levels.
You visited the Abyss 1 time.
You visited 1 bazaar.
You also visited: Sewer, Ossuary and Ice Cave.

You collected 4756 gold pieces.
You spent 2061 gold pieces at shops.

Inventory:

Hand Weapons
 v - a +5 quick blade of holy wrath
 K - the +7 spear of Boaviss (weapon) {drain, +Blink rPois}
   (You found it on level 7 of the Dungeon)

   rPois:     It protects you from poison.
   +Blink:    It lets you blink.
Missiles
 N - 5 throwing nets
Armour
 h - quicksilver dragon scales (melded)
 k - the cursed +2 pair of boots "Ensconced Gloom" (melded) {Elem, Melee}
   (You found it in a sewer)

   It has a curse which improves the following skills: Elements: Fire Magic, Ice
   Magic, Air Magic and Earth Magic.
   Melee Combat: Short Blades, Long Blades, Axes, Maces & Flails, Polearms,
   Staves and Unarmed Combat.
 p - the cursed +2 pair of gloves "At What Cost Knowledge?" (melded) {Stlth+, Bglg, Self}
   (You acquired it on level 12 of the Dungeon)

   It has a curse which improves the following skills: Beguiling: Conjurations,
   Hexes and Translocations.
   Introspection: Fighting and Spellcasting.
 q - the cursed +2 cloak "Share My Optimism" (worn) {Comp, Dev}
   (You found it on level 2 of the Dungeon)

   It has a curse which improves the following skills: Companions: Summonings
   and Necromancy.
   Devices:   Evocations and Shapeshifting.
 Q - the cursed +2 helmet "Bound Trepidation" (worn) {Bglg, Cun}
   (You found it on level 9 of the Dungeon)

   It has a curse which improves the following skills: Beguiling: Conjurations,
   Hexes and Translocations.
   Cunning:   Dodging and Stealth.
 V - a +1 kite shield of resistance (worn)
Jewellery
 u - the cursed ring of Ashenzari's Adversity (left fist) {rPois, Alch, Cun}
   (You found it on level 2 of the Dungeon)

   [ring of poison resistance]

   rPois:     It protects you from poison.
   It has a curse which improves the following skills: Alchemy: Poison Magic and
   Transmutations.
   Cunning:   Dodging and Stealth.
 z - the cursed ring "I Foresaw This" (right fist) {rC+, Melee, Fort}
   (You found it on level 4 of the Dungeon)

   [ring of protection from cold]

   rC:        It protects you from cold.
   It has a curse which improves the following skills: Melee Combat: Short
   Blades, Long Blades, Axes, Maces & Flails, Polearms, Staves and Unarmed
   Combat.
   Fortitude: Armour and Shields.
 S - the amulet "Jiteiph" (around neck) {Reflect rF+ SH+5}
   (You acquired it on level 1 of the Elven Halls)

   [amulet of reflection]

   It reflects blocked missile attacks.
   rF:        It protects you from fire.
   SH:        It affects your SH (+5).
Talismans
 a - a storm talisman
 b - a dragon-blood talisman
 Z - a granite talisman (active)
Wands
 o - a wand of digging (27)
 r - a wand of flame (22)
 y - a wand of iceblast (19)
 A - a wand of mindburst (13)
 E - a wand of paralysis (44)
 F - a wand of quicksilver (15)
Scrolls
 j - 6 scrolls of revelation
 m - 2 scrolls of poison
 s - 2 scrolls of silence
 H - 5 scrolls of immolation
 M - 2 scrolls of fog
 U - 2 scrolls of butterflies
Potions
 g - 6 potions of mutation
 t - 4 potions of might
 D - 8 potions of haste
 G - 4 potions of enlightenment
 I - 4 potions of brilliance
 J - 4 potions of magic
 P - 5 potions of resistance
 R - 8 potions of curing
 W - 2 potions of berserk rage
Miscellaneous
 x - a condenser vane (inert)


   Skills:
 + Level 16.0 Fighting
 + Level 15.8(17.5) Short Blades
 + Level 15.8(17.5) Long Blades
 + Level 15.8(17.5) Axes
 + Level 15.8(17.5) Maces & Flails
 + Level 16.2(17.9) Polearms
 + Level 15.8(17.5) Staves
 + Level 15.8 Ranged Weapons
 + Level 15.8 Throwing
 + Level 16.2(17.9) Armour
 + Level 16.4(18.9) Dodging
 + Level 15.8(18.4) Stealth
 + Level 15.8(17.5) Shields
 + Level 16.9(18.6) Unarmed Combat
 + Level 15.8 Spellcasting
 + Level 13.4(15.2) Conjurations
 + Level 13.4(15.2) Hexes
 + Level 13.4(15.2) Summonings
 + Level 13.4(15.2) Necromancy
 + Level 13.4(15.2) Translocations
 + Level 13.4(15.2) Transmutations
 + Level 13.4 Fire Magic
 + Level 13.4 Ice Magic
 + Level 13.4 Air Magic
 + Level 13.4 Earth Magic
 + Level 13.4(15.2) Poison Magic
 + Level 17.1 Invocations
 + Level 15.8(17.5) Evocations
 + Level 14.8(16.5) Shapeshifting


You had 11 spell levels left.
You knew the following spells:

 Your Spells              Type           Power      Damage    Failure   Level
a - Scorch                Fire           96%        2d9       1%          2
b - Stone Arrow           Conj/Erth      100%       3d13      1%          3
c - Manifold Assault      Tloc           52%        N/A       1%          4
d - Fireball              Conj/Fire      25%        3d11      1%          5
e - Ignite Poison         Fire/Tmut/Pois 51%        N/A       1%          3
f - Mephitic Cloud        Conj/Pois/Air  51%        N/A       1%          3
g - Freezing Cloud        Conj/Ice/Air   25%        6-21      1%          5
h - Irradiate             Conj/Tmut      26%        3d20      1%          5
i - Leda's Unmaking       Conj/Erth      25%        9d5       3%          6
j - Eringya's Noxious Bo  Tmut/Pois      26%        4d6       2%          6

Your spell library contained the following spells:

 Spells                   Type           Power      Damage    Failure   Level
 Apportation              Tloc           100%       N/A       1%          1
 Freeze                   Ice            100%       1d10      1%          1
 Magic Dart               Conj           100%       1d8       1%          1
 Necrotise                Necr           100%       1d9       1%          1
 Shock                    Conj/Air       100%       1d9       1%          1
 Summon Small Mammal      Summ           100%       N/A       1%          1
 Blink                    Tloc           100%       N/A       1%          2
 Cigotuvi's Dreadful Rot  Necr/Pois/Air  100%       N/A       1%          2
 Ensorcelled Hibernation  Hex/Ice        100%       N/A       1%          2
 Lesser Beckoning         Tloc           100%       N/A       1%          2
 Momentum Strike          Conj/Tloc      100%       3d10      1%          2
 Passwall                 Tmut/Erth      41%        N/A       1%          2
 Poisonous Vapours        Pois/Air       100%       N/A       1%          2
 Static Discharge         Conj/Air       100%       2-7/arc   1%          2
 Wereblood                Tmut           52%        N/A       1%          2
 Dazzling Flash           Conj/Hex       100%       N/A       1%          3
 Frozen Ramparts          Ice            96%        1d15      1%          3
 Gell's Gravitas          Tloc           52%        N/A       1%          3
 Hailstorm                Conj/Ice       50%        3d11      1%          3
 Inner Flame              Hex/Fire       50%        N/A       1%          3
 Ozocubu's Armour         Ice            48%        N/A       1%          3
 Swiftness                Air            48%        N/A       1%          3
 Teleport Other           Tloc           52%        N/A       1%          3
 Tukima's Dance           Hex            52%        N/A       1%          3
 Volatile Blastmotes      Fire/Tloc      100%       2d18      1%          3
 Airstrike                Air            24%        2d(4-20)  1%          4
 Cause Fear               Hex            26%        N/A       1%          4
 Dispel Undead            Necr           52%        3d19      1%          4
 Flame Wave               Conj/Fire      50%        2d12      1%          4
 Iskenderun's Mystic Bla  Conj/Tloc      52%        2d11      1%          4
 Leda's Liquefaction      Hex/Erth       25%        N/A       1%          4
 Passage of Golubria      Tloc           52%        N/A       1%          4
 Petrify                  Tmut/Erth      50%        N/A       1%          4
 Sticky Flame             Conj/Fire      50%        2d7       1%          4
 Summon Ice Beast         Ice/Summ       50%        N/A       1%          4
 Summon Lightning Spire   Summ/Air       50%        N/A       1%          4
 Alistair's Intoxication  Tmut/Pois      34%        N/A       1%          5
 Lee's Rapid Deconstruct  Erth           24%        3d13*     1%          5
 Metabolic Englaciation   Hex/Ice        25%        N/A       1%          5
 Summon Forest            Summ/Tloc      26%        N/A       1%          5
 Summon Mana Viper        Hex/Summ       52%        N/A       1%          5
 Yara's Violent Unravell  Hex/Tmut       26%        3d11      1%          5
 Death Channel            Necr           26%        N/A       2%          6
 Summon Cactus Giant      Summ           26%        N/A       2%          6
 Simulacrum               Ice/Necr       25%        N/A       3%          6
 Starburst                Conj/Fire      25%        6d8       3%          6
 Summon Hydra             Summ           26%        N/A       14%         7
 Maxwell's Capacitive Co  Air            24%        ∞         93%         8
 Dragon's Call            Summ           26%        N/A       100%        9
 Fire Storm               Conj/Fire      25%        8d6       100%        9
 Sublimation of Blood     Necr           Unusable   N/A       N/A         2

Dungeon Overview and Level Annotations

Branches:
Dungeon (15/15)            Temple (1/1) D:5            Lair (5/5) D:9
  Swamp (4/4) Lair:3        Snake (4/4) Lair:3        Slime (0/5) Lair:5
    Orc (2/2) D:9             Elf (3/3) Orc:2        Vaults (5/5) D:14
  Crypt (0/3) Vaults:3     Depths (1/4) D:15          Sewer (visited)
Ossuary (visited)           IceCv (visited)

Altars:
Ashenzari
Cheibriados
Dithmenos
Elyvilon
Fedhas
Gozag
Hepliaklqana
Kikubaaqudgha
Makhleb
Nemelex Xobeh
Okawaru
Qazlal
Ru
Sif Muna
Trog
Uskayaw
Vehumet
Wu Jian
Xom
Yredelemnul
Zin
The Shining One
Jiyva

Shops:
D:4 =   D:12 *   Orc:2 (*[:   Elf:1 (   Elf:2 *   Elf:3 *[?*=   Snake:4 (:[=
Vaults:3 [   Depths:1 [*

Portals:
Hell: Depths:1
Abyss: Depths:1

Annotations:
D:1 1 transporter
D:7 3 runed translucent doors, Maxmaps's ghost, novice OpSh; pigah's ghost, novice OpSh
D:12 3 runed translucent doors, exclusion: obsidian statue, randomguy2701's ghost, journeyman MiFi
D:14 2 transporters, Ylounoac's ghost, journeyman MiBe
Lair:5 exclusion: obsidian statue
Elf:1 2 transporters, LobsterGuardian's ghost, adept DsMo


Innate Abilities, Weirdness & Mutations

You are a living statue of rough stone.
Your actions are slow, but your melee attacks are powerful.
You are resistant to unholy torment.
Your maximum health is greatly increased.
Your equipment is partially melded.
You are immune to poison.
You have very sharp teeth.
Your uncanny sense of smell can sniff out nearby items.
Your experience applies equally to all skills.
((You are partially covered in iridescent scales. (AC +2)))
You are partially covered in large bone plates. (SH +4)
You expend magic power (3 MP) to strengthen your wands.


Message History

The titan looks even sicker.
Unknown command.
Unknown command.
You swap places.
You kill your butterfly!
Your butterfly disappears in a burst of colours!
Your butterfly is engulfed in poison gas.
Your butterfly is poisoned.
You kill your butterfly!
Your butterfly disappears in a burst of colours!
Your butterfly is poisoned.
The yaktaur is engulfed in poison gas.
The yaktaur is poisoned.
The yaktaur wields a +0 arbalest.
The yaktaur shoots a bolt.
The bolt hits the ancient lich but does no damage.
The yaktaur captain hits your butterfly!
Your butterfly dies!
Your butterfly disappears in a burst of colours!
Your butterfly is engulfed in poison gas.
Your butterfly looks even sicker.
You kill your butterfly!
Your butterfly disappears in a burst of colours!
Your butterfly is poisoned.
Your butterfly is engulfed in poison gas.
Your butterfly is poisoned.
You kill your butterfly!
Your butterfly disappears in a burst of colours!
Your butterfly is engulfed in poison gas.
Your butterfly is poisoned.
You kill your butterfly!
Your butterfly disappears in a burst of colours!
The yaktaur captain wields a +0 arbalest.
The yaktaur captain shoots a bolt.
The bolt hits your butterfly!!
Your butterfly dies!
Your butterfly disappears in a burst of colours!
The ancient lich casts a spell at you. The bolt of acid hits your butterfly!!
The acid corrodes your butterfly!
Your butterfly dies!
Your butterfly disappears in a burst of colours!
The bolt of acid hits you!!
You die...

, , ,, , , , ,
, , #...,,, ,,
,,*, , #...,,,
*, * , * , #..#
***,, +, , , ,
, ,,#..#∆∆{ ,
,, , , * ** *
,, #c.#∆∆∆ , *
, , ,,*
,#..#,{{ , , ,
,,,
#.b#####..,, ,,
* ,, *,
,#.8..cb..., *
,,, ,
#..b.bb... , *
,∆ ,
#u°bbbbb..,+ ,
, *, , *
#○Lb.cb... ,,,*
* * ,#☼D§).....
* , , ,* ,,
#..#####.. , *
, , * , #pe# ,,
,., ,,, *###..
....#cL# ,*,, ,
,
....#....#C§#,,
, *


You could see a shadow dragon, an ancient lich (fast, invisible), a green very
ugly thing (unable to see you, ally target), a vault warden (very poisoned, ally
target), a lich (invisible), a yaktaur captain (unable to see you, ally target),
a deep elf death mage (very poisoned) and 3 yaktaurs.

Vanquished Creatures
  Nikola (Depths:1)
  Rupert (Snake:1)
  A walking earthen tome (Abyss:5)
  Zenata (Vaults:1)
  A tentacled monstrosity (Vaults:4)
  2 liches
  Asterion (Elf:1)
  A titan (Vaults:4)
  A deep elf blademaster (Elf:3)
  A quicksilver dragon (Vaults:4)
  Kirke (Lair:3)
  3 tentacled starspawn
  4 sphinxes
  A tengu reaver (Depths:1)
  Roxanne (Swamp:1)
  A thorn hunter (Swamp:3)
  Aizul (Swamp:1)
  7 nagarajas
  Donald (Snake:2)
  4 fenstrider witches
  2 fire giants
  The ghost of SirDiesAlot the Metamorph, an adept OpSh of Jiyva (Elf:2)
  6 deep elf sorcerers
  A frost giant (D:12)
  6 deep elf elementalists (Elf:3)
  2 cacodemons
  A ghost moth (Abyss:4)
  A ghoul (Swamp:2)
  6 vault wardens
  A formless jellyfish (Vaults:3)
  15 ironbound preservers
  4 orc warlords
  6 ironbound thunderhulks
  An ophan (Depths:1)
  A war gargoyle (Vaults:4)
  5 eleionomae
  11 deep elf annihilators
  11 dire elephants
  5 bunyips
  3 spark wasps
  Snorg (D:11)
  3 crystal guardians (Vaults:4)
  4 deep elf death magi
  Josephine (D:11)
  3 ettins
  A great orb of eyes (shapeshifter) (D:13)
  An entropy weaver (Vaults:2)
  2 fire dragons
  7 deep elf high priests
  7 yaktaur captains
  A shambling mangrove (Swamp:4)
  5 great orbs of eyes
  The ghost of lunkers the Martial Artist, a journeyman MeSh of Okawaru (D:9)
  Fannar (D:11)
  25 vault guards
  A ghost crab (Swamp:1)
  Harold (D:9)
  2 ogre magi
  2 peacekeepers (Vaults:4)
  3 ironbound frosthearts
  A catoblepas (Lair:2)
  16 hydras
  3 salamander tyrants
  13 centaur warriors
  2 boulder beetles (Vaults:1)
  A spriggan skeleton (Abyss:1)
  6 anacondas
  21 dancing weapons
  8 alligators
  5 two-headed ogres
  2 death knights (Vaults:3)
  5 death yaks
  A death yak (shapeshifter) (D:12)
  16 naga warriors
  3 tengu warriors
  9 thrashing horrors
  4 orc high priests
  Urug (D:14)
  2 deep troll earth magi (D:15)
  4 shock serpents
  14 naga sharpshooters
  A titan skeleton (Vaults:4)
  21 deep elf knights
  Nergalle (D:9)
  An iron troll (Depths:1)
  5 hell knights (Abyss:3)
  5 wretched stars
  2 sixfirhies
  2 shadow wraiths
  5 skeletal warriors (D:13)
  6 salamander mystics
  2 skysharks
  3 glowing orange brains
  A spectral anaconda (Lair:5)
  7 goliath frogs
  7 spriggan druids
  57 deep trolls
  An orange crystal statue (Snake:1)
  13 deep elf archers
  A lindwurm (shapeshifter) (D:14)
  35 deep elf zephyrmancers
  23 lindwurms
  6 necromancers
  2 phantasmal warriors (Vaults:4)
  7 wizards
  A bog body (Swamp:1)
  A harpy (shapeshifter) (D:14)
  9 swamp dragons
  9 naga ritualists
  4 harpies (Vaults:4)
  14 ironbound convokers
  27 deep elf pyromancers
  8 orc knights
  7 orc sorcerers
  39 ugly things
  A shining eye (Abyss:1)
  8 mana vipers
  A worldbinder (Abyss:3)
  5 cyclopes
  20 salamanders
  3 manticores
  2 guardian serpents
  A dire elephant zombie (Lair:5)
  22 naga magi
  48 black mambas
  3 elephants
  3 ice statues (IceCv)
  3 gargoyles
  A torpor snail (Lair:2)
  2 orange demons (Abyss:1)
  2 smoke demons
  2 unseen horrors
  2 starcursed masses (Abyss:4)
  16 vault sentinels
  20 cane toads
  A dire elephant skeleton (Lair:5)
  A human zombie (Vaults:4)
  28 yaktaurs
  6 rime drakes
  2 freezing wraiths (D:15)
  9 komodo dragons
  3 efreet
  2 kobold demonologists
  A hellion (Abyss:3)
  An anaconda simulacrum (IceCv)
  A yaktaur skeleton (Vaults:4)
  2 ice devils (Orc:2)
  A human skeleton (Vaults:4)
  9 trolls
  5 polar bears
  4 ancient zymes
  7 tyrant leeches
  2 bloated husks
  6 hornets
  16 blink frogs
  A dream sheep (Lair:2)
  11 raiju
  An ettin zombie (Vaults:4)
  A spectral elephant (Lair:5)
  12 slime creatures
  A jumping spider (Vaults:2)
  A centaur simulacrum (D:15)
  2 dire elephant simulacra
  3 spriggans
  7 flying skulls
  9 wraiths
  4 ynoxinuls
  49 yaks
  3 air elementals
  A shadow (D:11)
  A vampire (D:8)
  A water elemental (Depths:1)
  4 wyverns
  14 humans (D:14)
  2 fire bats (Abyss:1)
  A basilisk (Lair:4)
  7 hogs
  Grum (D:10)
  2 redbacks (Vaults:2)
  10 large abominations
  5 steam dragons
  2 fire elementals
  A golden eye (shapeshifter) (D:12)
  2 golden eyes (Abyss:3)
  A redback simulacrum (D:15)
  A death yak simulacrum (Lair:5)
  3 neqoxecs
  3 vampire mosquitoes (D:13)
  56 nagas
  8 wargs
  A harpy simulacrum (IceCv)
  Edmund (D:5)
  12 swamp worms
  4 hell hounds
  13 water moccasins
  6 small abominations
  Pargi (Sewer)
  3 black bears
  31 orc warriors
  10 swamp drakes
  3 elephant zombies (Lair:5)
  An ice beast (D:6)
  10 ogres
  15 wolves
  An elephant skeleton (Lair:5)
  9 centaurs
  2 phantoms
  4 kobold brigands
  A gnoll sergeant (D:10)
  16 bullfrogs
  3 necrophages (Swamp:2)
  4 earth elementals
  A scorpion (D:5)
  4 cane toad simulacra
  5 wights
  3 elephant simulacra
  14 killer bees
  2 howler monkeys
  A crimson imp (D:8)
  3 lava snakes (Lair:3)
  7 jellies
  A quasit (D:6)
  2 hounds
  17 orc priests
  A gnoll bouda (D:6)
  4 iguanas
  Terence (D:2)
  35 orc wizards
  6 hell rats (Lair:1)
  A killer bee zombie (D:8)
  A wolf simulacrum (IceCv)
  8 mummies (Ossuary)
  Robin (D:2)
  A howler monkey zombie (D:8)
  8 gnolls
  10 adders
  A river rat (D:3)
  3 shadow imps (D:6)
  10 white imps
  4 ufetubi
  3 worms
  A dart slug (D:3)
  91 orcs
  3 endoplasms
  8 giant cockroaches
  13 goblins
  8 hobgoblins
  2 jackals (D:5)
  15 kobolds
  10 quokkas
  A ball python (D:1)
  4 bats
  3 frilled lizards
  3 gnoll zombies (Ossuary)
  3 kobold zombies (Ossuary)
  2 orc zombies (Ossuary)
  9 rats
1654 creatures vanquished.

Vanquished Creatures (collateral kills)
  2 ironbound preservers
2 creatures vanquished.

Vanquished Creatures (others)
  An ironbound preserver (Vaults:2)
  A deep elf annihilator (Elf:3)
  An anaconda (Snake:2)
  2 deep elf zephyrmancers
  A black mamba (Snake:1)
  A yaktaur (Vaults:4)
  A water elemental (Elf:2)
  2 golden eyes (Abyss:4)
  A swamp worm (Swamp:4)
  A naga (Snake:2)
  A hell hound (Abyss:1)
  A wolf (Lair:3)
  An orc (D:7)
  2 lurking horrors
  10 starspawn tentacles
27 creatures vanquished.

Grand Total: 1683 creatures vanquished

Notes
Turn   | Place    | Note
-------+----------+-------------------------------------------
     0 | D:1      | Shayle the Gnoll Shapeshifter began the quest for the Orb.
     0 | D:1      | Reached XP level 1. HP: 17/17 MP: 1/1
    37 | D:1      | Found a faded altar of an unknown god.
   200 | D:1      | Reached XP level 2. HP: 23/23 MP: 2/2
   739 | D:2      | Noticed Robin
   823 | D:3      | Reached XP level 3. HP: 17/28 MP: 3/3
  1141 | D:3      | Reached skill level 1 in Invocations
  1189 | D:3      | Reached skill level 1 in Short Blades
  1189 | D:3      | Reached skill level 1 in Long Blades
  1189 | D:3      | Reached skill level 1 in Axes
  1189 | D:3      | Reached skill level 1 in Maces & Flails
  1189 | D:3      | Reached skill level 1 in Polearms
  1189 | D:3      | Reached skill level 1 in Staves
  1189 | D:3      | Reached skill level 1 in Ranged Weapons
  1189 | D:3      | Reached skill level 1 in Throwing
  1189 | D:3      | Reached skill level 1 in Armour
  1189 | D:3      | Reached skill level 1 in Stealth
  1189 | D:3      | Reached skill level 1 in Shields
  1189 | D:3      | Reached skill level 1 in Spellcasting
  1189 | D:3      | Reached skill level 1 in Evocations
  1208 | D:3      | HP: 1/28 [adder (3)]
  1216 | D:3      | Found a glowing drain.
  1220 | Sewer    | Entered a sewer
  1227 | Sewer    | Reached XP level 4. HP: 13/34 MP: 5/5
  1334 | Sewer    | Noticed Pargi
  1360 | Sewer    | Killed Pargi
  1361 | Sewer    | Reached skill level 1 in Conjurations
  1361 | Sewer    | Reached skill level 1 in Hexes
  1361 | Sewer    | Reached skill level 1 in Summonings
  1361 | Sewer    | Reached skill level 1 in Necromancy
  1361 | Sewer    | Reached skill level 1 in Translocations
  1361 | Sewer    | Reached skill level 1 in Transmutations
  1361 | Sewer    | Reached skill level 1 in Fire Magic
  1361 | Sewer    | Reached skill level 1 in Ice Magic
  1361 | Sewer    | Reached skill level 1 in Air Magic
  1361 | Sewer    | Reached skill level 1 in Earth Magic
  1361 | Sewer    | Reached skill level 1 in Poison Magic
  1361 | Sewer    | Reached XP level 5. HP: 41/41 MP: 5/7
  1595 | D:3      | Found a glowing golden altar of the Shining One.
  1987 | D:2      | Killed Robin
  2609 | D:2      | Noticed Terence
  2616 | D:2      | Killed Terence
  2617 | D:2      | Reached skill level 2 in Invocations
  2617 | D:2      | Reached XP level 6. HP: 42/47 MP: 8/8
  2965 | D:4      | Found Cuach's Jewellery Shop.
  2979 | D:4      | Reached skill level 5 in Dodging
  3035 | D:4      | Noticed a black bear
  3047 | D:4      | Killed a black bear
  3048 | D:4      | Reached XP level 7. HP: 47/52 MP: 10/10
  3403 | D:4      | Found a glowing silver altar of Zin.
  3565 | D:4      | Found a shimmering altar of Xom.
  3868 | D:5      | Entered Level 5 of the Dungeon
  3995 | D:5      | Found an opulent altar of Gozag.
  4035 | D:5      | Found a snail-covered altar of Cheibriados.
  4054 | D:5      | Reached skill level 3 in Invocations
  4268 | D:5      | Reached XP level 8. HP: 53/60 MP: 12/12
  4291 | D:5      | Found a staircase to the Ecumenical Temple.
  4300 | Temple   | Entered the Ecumenical Temple
  4319 | Temple   | Became a worshipper of Ashenzari the Shackled
  4399 | D:5      | You fall into a shaft and drop 1 floor!
  4402 | D:6      | Found a shadowy altar of Dithmenos.
  4615 | D:6      | Found a shimmering blue altar of Sif Muna.
  4679 | D:5      | Reached skill level 4 in Invocations
  4702 | D:5      | Noticed Edmund
  4710 | D:5      | Killed Edmund
  4931 | D:6      | Reached XP level 9. HP: 64/66 MP: 14/14
  5889 | D:7      | Reached skill level 5 in Fighting
  5896 | D:7      | Found a sand-covered staircase.
  5905 | Ossuary  | Entered an ossuary
  6249 | D:7      | Found a runed translucent gate.
  6249 | D:7      | Found a runed translucent gate.
  6249 | D:7      | Found a runed translucent gate.
  6254 | D:7      | Noticed pigah's ghost (novice OpSh)
  6254 | D:7      | Noticed Maxmaps's ghost (novice OpSh)
  6307 | D:7      | Identified the +7 spear of Boaviss {drain, +Blink rPois}
  6372 | D:7      | Noticed a hornet
  6381 | D:7      | Killed a hornet
  6382 | D:7      | Reached skill level 5 in Invocations
  7275 | D:8      | Noticed a two-headed ogre
  7283 | D:8      | Killed a two-headed ogre
  7284 | D:8      | Reached skill level 5 in Short Blades
  7284 | D:8      | Reached skill level 5 in Long Blades
  7284 | D:8      | Reached skill level 5 in Axes
  7284 | D:8      | Reached skill level 5 in Maces & Flails
  7284 | D:8      | Reached skill level 5 in Polearms
  7284 | D:8      | Reached skill level 5 in Staves
  7284 | D:8      | Reached skill level 5 in Ranged Weapons
  7284 | D:8      | Reached skill level 5 in Throwing
  7284 | D:8      | Reached skill level 5 in Armour
  7284 | D:8      | Reached skill level 5 in Stealth
  7284 | D:8      | Reached skill level 5 in Shields
  7284 | D:8      | Reached skill level 5 in Spellcasting
  7284 | D:8      | Reached skill level 5 in Evocations
  7284 | D:8      | Reached XP level 10. HP: 42/76 MP: 17/17
  7423 | D:8      | Reached * piety under Ashenzari
  7423 | D:8      | Identified a scroll of acquirement
  7424 | D:8      | Acquired the Directory of the Burnt Barrage
  7441 | D:8      | Paralysed by a hornet for 1 turns
  7862 | D:8      | Found a bloodstained altar of Trog.
  7932 | D:8      | Reached skill level 6 in Invocations
  8110 | D:8      | Learned a level 2 spell: Scorch
  8114 | D:8      | Learned a level 3 spell: Stone Arrow
  8307 | D:8      | Found a burning altar of Makhleb.
  8374 | D:8      | Found a basalt altar of Yredelemnul.
  8401 | D:9      | Noticed a +2 morningstar of chaos
  8401 | D:9      | Noticed lunkers's ghost (journeyman MeSh)
  8401 | D:9      | Identified the +4 kite shield of Syzxasi {Regen+}
  8401 | D:9      | Found a runed translucent door.
  8401 | D:9      | Found a shimmering altar of Xom.
  8415 | D:9      | Found a staircase to the Lair.
  8484 | Lair:1   | Entered Level 1 of the Lair of Beasts
  8490 | Lair:1   | Noticed a black mamba
  8497 | Lair:1   | Killed a black mamba
  8498 | Lair:1   | Reached XP level 11. HP: 54/83 MP: 19/19
  8625 | Lair:1   | Reached skill level 5 in Conjurations
  8625 | Lair:1   | Reached skill level 5 in Hexes
  8625 | Lair:1   | Reached skill level 5 in Summonings
  8625 | Lair:1   | Reached skill level 5 in Necromancy
  8625 | Lair:1   | Reached skill level 5 in Translocations
  8625 | Lair:1   | Reached skill level 5 in Transmutations
  8625 | Lair:1   | Reached skill level 5 in Fire Magic
  8625 | Lair:1   | Reached skill level 5 in Ice Magic
  8625 | Lair:1   | Reached skill level 5 in Air Magic
  8625 | Lair:1   | Reached skill level 5 in Earth Magic
  8625 | Lair:1   | Reached skill level 5 in Poison Magic
  8691 | Lair:1   | Identified the +7 short sword of the Baleful God {freeze,
                  | Will+}
  9248 | Lair:1   | Reached ** piety under Ashenzari
  9640 | Lair:2   | Reached skill level 7 in Invocations
 10139 | Lair:2   | Noticed a catoblepas
 10639 | D:10     | Entered Level 10 of the Dungeon
 10650 | D:10     | Noticed Harold
 11281 | D:9      | Found a staircase to the Orcish Mines.
 11323 | D:9      | Noticed a manticore
 11333 | D:9      | Killed a manticore
 11334 | D:9      | Reached XP level 12. HP: 55/91 MP: 22/22
 11445 | D:9      | Found an ancient bone altar of Kikubaaqudgha.
 11714 | D:9      | Identified Sif Muna's Notes on Blight
 11714 | D:9      | Identified Sif Muna's Almanac of Clay
 11714 | D:9      | Identified Sif Muna's Notes on Composition
 11762 | D:9      | Identified the cursed +2 cloak "Share My Optimism" {Comp,
                  | Dev} (You found it on level 2 of the Dungeon)
 11762 | D:9      | Identified the cursed +2 pair of boots "Ensconced Gloom"
                  | {Elem, Melee} (You found it in a sewer)
 11762 | D:9      | Identified the cursed ring of Ashenzari's Adversity {rPois,
                  | Alch, Cun} (You found it on level 2 of the Dungeon)
 11762 | D:9      | Identified the cursed ring "I Foresaw This" {rC+, Melee,
                  | Fort} (You found it on level 4 of the Dungeon)
 12161 | D:10     | Noticed Nergalle
 12195 | D:9      | Killed Harold
 12385 | D:9      | Reached skill level 8 in Invocations
 12678 | D:9      | Killed Nergalle
 12735 | D:10     | Found a sparkling altar of Nemelex Xobeh.
 12900 | D:10     | Noticed Grum
 12937 | D:10     | Killed Grum
 13069 | D:10     | Found an iron altar of Okawaru.
 13084 | D:10     | Reached skill level 10 in Unarmed Combat
 13385 | D:11     | Noticed a boulder beetle
 13481 | D:11     | Noticed Snorg
 13604 | D:11     | Noticed a centaur warrior
 13631 | D:11     | Killed a centaur warrior
 13898 | Lair:2   | Noticed a death yak
 14040 | Lair:2   | Killed a catoblepas
 14330 | Lair:2   | Identified the +7 dire flail "Zohuibli" {heavy, rPois rN+
                  | Dex+2}
 14652 | Lair:3   | Learned a level 4 spell: Manifold Assault
 14658 | Lair:3   | Learned a level 5 spell: Fireball
 14730 | Lair:3   | Found a staircase to the Swamp.
 14730 | Lair:3   | Noticed an eleionoma
 14735 | Lair:3   | Noticed a skyshark
 14762 | Lair:2   | Killed a skyshark
 15005 | Lair:3   | Reached XP level 13. HP: 99/99 MP: 23/25
 15171 | Lair:3   | Found a staircase to the Snake Pit.
 15445 | Lair:3   | Noticed Kirke
 15480 | Lair:5   | Entered Level 5 of the Lair of Beasts
 15711 | Lair:4   | Reached skill level 9 in Invocations
 16319 | Lair:3   | Killed an eleionoma
 16899 | Lair:4   | Reached *** piety under Ashenzari
 18320 | Lair:5   | Reached skill level 10 in Dodging
 18479 | Lair:5   | Found a viscous altar of Jiyva.
 18479 | Lair:5   | Found a staircase to the Slime Pits.
 18665 | Lair:5   | Reached skill level 10 in Shapeshifting
 18721 | Lair:5   | Reached XP level 14. HP: 75/111 MP: 28/28
 19062 | Lair:5   | Noticed a dire elephant
 19062 | Lair:5   | Noticed a dire elephant
 19062 | Lair:5   | Noticed a dire elephant
 19062 | Lair:5   | Noticed a dire elephant
 19370 | D:11     | Noticed Josephine
 19934 | D:11     | Reached skill level 10 in Invocations
 20017 | D:11     | Killed Snorg
 20075 | D:11     | Noticed Fannar
 20095 | D:11     | Killed Fannar
 20370 | D:11     | Killed Josephine
 20688 | D:12     | Identified the +2 ring mail of Distant Shores {Drain rF+
                  | Str+2}
 21044 | D:12     | Acquired a +0 pair of gloves of stealth
 21279 | D:12     | Found a runed translucent gate.
 21280 | D:12     | Found a runed translucent gate.
 21280 | D:12     | Found an opulent altar of Gozag.
 21281 | D:12     | Found a runed translucent gate.
 21283 | D:12     | Noticed randomguy2701's ghost (journeyman MiFi)
 21284 | D:12     | Found Waofy's Assorted Antiques.
 21816 | Lair:4   | Killed a dire elephant
 21908 | Lair:5   | Noticed a dire elephant
 21909 | Lair:5   | Noticed a dire elephant
 21964 | Lair:4   | Killed a dire elephant
 22058 | Lair:5   | Identified Xituwk's Discursus on Kinetic Intoxication
 22768 | D:13     | Reached skill level 10 in Fighting
 22869 | D:13     | Paralysed by a great orb of eyes for 5 turns
 23887 | Orc:1    | Entered Level 1 of the Orcish Mines
 24088 | Orc:2    | Entered Level 2 of the Orcish Mines
 24093 | Orc:2    | Found a staircase to the Elven Halls.
 24129 | Orc:2    | Found a frozen archway.
 24226 | IceCv    | Entered an ice cave
 24440 | IceCv    | Learned a level 3 spell: Ignite Poison
 24444 | IceCv    | Learned a level 3 spell: Mephitic Cloud
 24450 | IceCv    | Learned a level 5 spell: Freezing Cloud
 24467 | IceCv    | Reached XP level 15. HP: 120/120 MP: 11/30
 25046 | Orc:1    | Reached skill level 10 in Short Blades
 25046 | Orc:1    | Reached skill level 10 in Long Blades
 25046 | Orc:1    | Reached skill level 10 in Axes
 25046 | Orc:1    | Reached skill level 10 in Maces & Flails
 25046 | Orc:1    | Reached skill level 10 in Polearms
 25046 | Orc:1    | Reached skill level 10 in Staves
 25046 | Orc:1    | Reached skill level 10 in Ranged Weapons
 25046 | Orc:1    | Reached skill level 10 in Throwing
 25046 | Orc:1    | Reached skill level 10 in Armour
 25046 | Orc:1    | Reached skill level 10 in Stealth
 25046 | Orc:1    | Reached skill level 10 in Shields
 25046 | Orc:1    | Reached skill level 10 in Spellcasting
 25046 | Orc:1    | Reached skill level 10 in Evocations
 25264 | Orc:2    | Noticed an orc warlord
 25287 | Orc:2    | Reached skill level 11 in Invocations
 25294 | Orc:2    | Killed an orc warlord
 25373 | Orc:2    | Noticed an orc warlord
 25569 | Orc:1    | Killed an orc warlord
 26051 | Orc:2    | Found Jezaphao's Antique Weapon Emporium.
 26066 | Orc:2    | Found Arugh's General Store.
 26083 | Orc:2    | Found Xiyre's Book Emporium.
 26104 | Orc:2    | Found Aschuur's Antique Armour Emporium.
 26240 | Orc:2    | Reached **** piety under Ashenzari
 26443 | Orc:1    | Noticed an orc warlord
 26469 | Orc:2    | Killed an orc warlord
 28725 | Lair:3   | Killed Kirke
 28725 | Lair:3   | Identified the cursed +2 helmet "Bound Trepidation" {Bglg,
                  | Cun} (You found it on level 9 of the Dungeon)
 28807 | Swamp:1  | Entered Level 1 of the Swamp
 29056 | Swamp:1  | Noticed Aizul
 29074 | Swamp:1  | Noticed Roxanne
 29074 | Swamp:1  | Identified the +9 quarterstaff of Satyriasis {flame, rF++
                  | rC+ Int-5}
 29186 | Swamp:1  | Killed Aizul
 29187 | Swamp:1  | Reached XP level 16. HP: 111/129 MP: 18/32
 29547 | Swamp:1  | Learned a level 5 spell: Irradiate
 29752 | Swamp:2  | Noticed a fenstrider witch
 29916 | Swamp:2  | Paralysed by a fenstrider witch for 2 turns
 30006 | Swamp:1  | Upgraded the game from 0.31-a0-435-g2c6fae2916 to
                  | 0.31-a0-441-g867994ef1c
 30020 | Swamp:1  | Killed a fenstrider witch
 30634 | Swamp:3  | Noticed a fenstrider witch
 30788 | Swamp:3  | Noticed a fenstrider witch
 30804 | Swamp:3  | Killed a fenstrider witch
 30805 | Swamp:3  | Reached skill level 12 in Invocations
 30849 | Swamp:3  | Killed a fenstrider witch
 30942 | Swamp:3  | Noticed a thorn hunter
 30960 | Swamp:3  | Killed a thorn hunter
 31067 | Swamp:3  | Noticed a fenstrider witch
 31078 | Swamp:3  | Killed a fenstrider witch
 31631 | Swamp:4  | Entered Level 4 of the Swamp
 32393 | Swamp:4  | Reached XP level 17. HP: 140/140 MP: 11/35
 32743 | Swamp:4  | Got a decaying rune of Zot
 33137 | Swamp:1  | Killed Roxanne
 33509 | Snake:1  | Entered Level 1 of the Snake Pit
 33510 | Snake:1  | Noticed Rupert
 33519 | Snake:1  | Killed Rupert
 33747 | D:9      | Killed lunkers's ghost
 33995 | D:14     | Noticed Urug
 33995 | D:14     | Found a gate to the Vaults.
 34115 | D:13     | Reached skill level 10 in Conjurations
 34115 | D:13     | Reached skill level 10 in Hexes
 34115 | D:13     | Reached skill level 10 in Summonings
 34115 | D:13     | Reached skill level 10 in Necromancy
 34115 | D:13     | Reached skill level 10 in Translocations
 34115 | D:13     | Reached skill level 10 in Transmutations
 34115 | D:13     | Reached skill level 10 in Fire Magic
 34115 | D:13     | Reached skill level 10 in Ice Magic
 34115 | D:13     | Reached skill level 10 in Air Magic
 34115 | D:13     | Reached skill level 10 in Earth Magic
 34115 | D:13     | Reached skill level 10 in Poison Magic
 35118 | D:14     | Found a transporter.
 35119 | D:14     | Noticed Ylounoac's ghost (journeyman MiBe)
 35121 | D:14     | Found a transporter.
 35336 | D:14     | Reached skill level 13 in Invocations
 35618 | D:14     | Killed Urug
 36045 | D:12     | Noticed a sphinx
 36054 | D:12     | Killed a sphinx
 36141 | D:15     | Entered Level 15 of the Dungeon
 36374 | D:15     | Identified the amulet "Riximaxt" {Faith Str+2}
 36873 | D:15     | Found a staircase to the Depths.
 36894 | D:15     | Reached XP level 18. HP: 123/149 MP: 20/36
 37254 | Vaults:1 | Entered Level 1 of the Vaults
 37637 | Vaults:1 | Identified the +7 morningstar "Ilosu" {vamp, *Corrode rElec
                  | Dex+8 SInv}
 38099 | Vaults:1 | Noticed Zenata
 38141 | Vaults:1 | Killed Zenata
 38679 | Snake:1  | Found a gateway to a bazaar.
 38860 | Bazaar   | Entered a bazaar
 38874 | Bazaar   | Found Onosose's Magic Scroll Shop.
 38907 | Bazaar   | Found Zixef's Magic Scroll Shop.
 38911 | Bazaar   | Bought a scroll of fear for 36 gold pieces
 38911 | Bazaar   | Bought a scroll of teleportation for 27 gold pieces
 38911 | Bazaar   | Bought 2 scrolls of teleportation for 54 gold pieces
 38941 | Bazaar   | Found Fuit's Distillery.
 38950 | Bazaar   | Bought a potion of heal wounds for 50 gold pieces
 38950 | Bazaar   | Bought a potion of mutation for 80 gold pieces
 38950 | Bazaar   | Bought a potion of heal wounds for 50 gold pieces
 38950 | Bazaar   | Bought a potion of heal wounds for 50 gold pieces
 38962 | Bazaar   | Found Roecun's Distillery.
 38971 | Bazaar   | Bought a potion of mutation for 112 gold pieces
 38971 | Bazaar   | Bought a potion of heal wounds for 70 gold pieces
 38971 | Bazaar   | Bought a potion of curing for 42 gold pieces
 39788 | Snake:2  | Reached skill level 14 in Invocations
 39856 | Snake:2  | Noticed Donald
 39866 | Snake:2  | Killed Donald
 40600 | Snake:3  | Reached XP level 19. HP: 155/155 MP: 34/37
 41754 | Snake:4  | Entered Level 4 of the Snake Pit
 41845 | Snake:4  | Found Huvix's Jewellery Shop.
 41846 | Snake:4  | Found Wups's Armour Shop.
 41851 | Snake:4  | Found Qeyff's Antique Weapon Shop.
 41852 | Snake:4  | Found Vianaem's Book Shop.
 43071 | Snake:4  | Got a serpentine rune of Zot
 43683 | Elf:1    | Entered Level 1 of the Elven Halls
 43760 | Elf:1    | Noticed Asterion
 43774 | Elf:1    | Killed Asterion
 43775 | Elf:1    | Found Pubbaacs's Weapon Shop.
 44008 | Elf:1    | Reached skill level 15 in Unarmed Combat
 44025 | Elf:1    | Identified the +1 robe "Utadd" {rF+}
 44057 | Elf:1    | Reached XP level 20. HP: 116/163 MP: 10/39
 44083 | Elf:1    | Acquired the amulet "Jiteiph" {Reflect rF+ SH+5}
 44169 | Elf:1    | Found a transporter.
 44169 | Elf:1    | Noticed LobsterGuardian's ghost (adept DsMo)
 44169 | Elf:1    | Identified the +0 cloak of Parts Unknown {Dex+2}
 44179 | Elf:1    | Found a transporter.
 44913 | Elf:2    | Reached skill level 15 in Invocations
 45405 | Orc:2    | Bought the Collected Works on Flashy Variation for 532 gold
                  | pieces
 45412 | Orc:2    | Learned a level 6 spell: Leda's Unmaking
 45612 | Elf:2    | Found Qecorey's Assorted Antiques.
 45638 | Elf:2    | Paralysed by an air elemental for 1 turns
 45699 | Elf:2    | Found a runed translucent gate.
 45699 | Elf:2    | Found a runed translucent gate.
 45731 | Elf:2    | Found a runed translucent gate.
 45807 | Elf:2    | Noticed SirDiesAlot's ghost (adept OpSh)
 45892 | Elf:2    | Found a runed translucent gate.
 45892 | Elf:2    | Found a runed translucent gate.
 45951 | Elf:2    | Found a runed translucent gate.
 47316 | Elf:2    | Killed SirDiesAlot's ghost
 47455 | Elf:3    | Entered Level 3 of the Elven Halls
 47500 | Elf:3    | Found Mupaasmen's Armour Shop.
 47560 | Elf:3    | Found Othrawe's Assorted Antiques.
 47567 | Elf:3    | Bought a potion of haste for 320 gold pieces
 47567 | Elf:3    | Bought a potion of magic for 256 gold pieces
 47567 | Elf:3    | Bought a potion of curing for 96 gold pieces
 47590 | Elf:3    | Paralysed by an air elemental for 1 turns
 47698 | Elf:3    | Found Heq Pih's Magic Scroll Shoppe.
 48144 | Vaults:1 | Learned a level 6 spell: Eringya's Noxious Bog
 49142 | Vaults:2 | Reached skill level 15 in Dodging
 49325 | Vaults:2 | Reached XP level 21. HP: 166/166 MP: 29/39
 50729 | Vaults:3 | Found Xeretemedd's Armour Shoppe.
 51752 | Vaults:3 | Reached skill level 16 in Invocations
 51776 | Vaults:3 | Found a staircase to the Crypt.
 51993 | Vaults:4 | Reached skill level 15 in Fighting
 52302 | Vaults:4 | Found Dagiatooh's Weapon Shop.
 52758 | Vaults:4 | Reached skill level 15 in Short Blades
 52758 | Vaults:4 | Reached skill level 15 in Long Blades
 52758 | Vaults:4 | Reached skill level 15 in Axes
 52758 | Vaults:4 | Reached skill level 15 in Maces & Flails
 52758 | Vaults:4 | Reached skill level 15 in Polearms
 52758 | Vaults:4 | Reached skill level 15 in Staves
 52758 | Vaults:4 | Reached skill level 15 in Ranged Weapons
 52758 | Vaults:4 | Reached skill level 15 in Throwing
 52758 | Vaults:4 | Reached skill level 15 in Armour
 52758 | Vaults:4 | Reached skill level 15 in Stealth
 52758 | Vaults:4 | Reached skill level 15 in Shields
 52758 | Vaults:4 | Reached skill level 15 in Spellcasting
 52758 | Vaults:4 | Reached skill level 15 in Evocations
 53176 | Vaults:4 | Reached XP level 22. HP: 175/175 MP: 27/41
 54168 | Vaults:5 | Entered Level 5 of the Vaults
 54173 | Vaults:5 | Noticed an ancient lich
 55291 | Elf:3    | Identified the +7 broad axe "Wanokk" {drain, Int+3}
 55470 | Elf:3    | Identified the ring of Gluttony {rN+ rCorr Int-3 Dex+5
                  | Stlth+}
 55725 | Elf:3    | Identified the ring of the Oligarchy {*Corrode rElec rF+
                  | rC+++ Will-}
 55875 | Elf:3    | Found Pipiemp's Assorted Antiques.
 56264 | Elf:3    | Found Osadun's Jewellery Emporium.
 56408 | Elf:3    | Identified the amulet "Ahilefez" {Rampage Fragile Will+++
                  | Regen+ Stlth+}
 56471 | Elf:3    | Found the +2 pair of slick slippers {slick, slippery, EV+4}
 57332 | Depths:1 | Entered Level 1 of the Depths
 57332 | Depths:1 | Found a gateway to Hell.
 57351 | Depths:1 | Noticed Nikola
 57381 | Depths:1 | Killed Nikola
 58006 | Depths:1 | Found Demu's General Store.
 58013 | Depths:1 | Bought a wand of mindburst (6) for 151 gold pieces
 58013 | Depths:1 | Bought a scroll of blinking for 135 gold pieces
 58013 | Depths:1 | Found Keaxta's Antique Armour Emporium.
 58079 | Depths:1 | Found a one-way gate to the infinite horrors of the Abyss.
 58155 | Depths:1 | Found a blossoming altar of Fedhas.
 58374 | Depths:1 | Voluntarily entered the Abyss.
 58612 | Abyss:1  | Gained mutation: Your body sometimes deteriorates upon
                  | taking damage. [a cacodemon]
 58628 | Abyss:1  | Gained mutation: You are dopey. (Int -2) [a neqoxec]
 58630 | Abyss:1  | Gained mutation: Your body often deteriorates upon taking
                  | damage. [a neqoxec]
 58632 | Abyss:1  | Gained mutation: You are weak. (Str -2) [a neqoxec]
 58634 | Abyss:1  | Gained mutation: You occasionally shout uncontrollably at
                  | your foes. [a neqoxec]
 58639 | Abyss:1  | Lost mutation: Your body often deteriorates upon taking
                  | damage. [potion of mutation]
 58639 | Abyss:1  | Lost mutation: You occasionally shout uncontrollably at
                  | your foes. [potion of mutation]
 58639 | Abyss:1  | Gained mutation: You are robust. (+10% HP) [potion of
                  | mutation]
 58639 | Abyss:1  | Lost mutation: You are robust. (+10% HP) [potion of
                  | mutation]
 58640 | Abyss:1  | Lost mutation: You are weak. (Str -2) [potion of mutation]
 58640 | Abyss:1  | Lost mutation: Your body sometimes deteriorates upon taking
                  | damage. [potion of mutation]
 58640 | Abyss:1  | Gained mutation: You are partially covered in large bone
                  | plates. (SH +4) [potion of mutation]
 58640 | Abyss:1  | Gained mutation: Your flesh is heat resistant. (rF+)
                  | [potion of mutation]
 58640 | Abyss:1  | Gained mutation: Your muscles are strong. (Str +4, Int/Dex
                  | -1) [potion of mutation]
 58763 | Abyss:1  | Found a burning altar of Makhleb.
 58783 | Abyss:1  | Found a burning altar of Makhleb.
 58783 | Abyss:1  | Found a burning altar of Makhleb.
 58853 | Abyss:1  | Found a broken altar of Ashenzari.
 58949 | Abyss:3  | Found a corrupted altar of Lugonu.
 58983 | Abyss:3  | Found a corrupted altar of Lugonu.
 58983 | Abyss:3  | Found a corrupted altar of Lugonu.
 58983 | Abyss:3  | Found a corrupted altar of Lugonu.
 59418 | Abyss:4  | Found a corrupted altar of Lugonu.
 59419 | Abyss:4  | Found a corrupted altar of Lugonu.
 59543 | Abyss:4  | Gained mutation: Your body sometimes deteriorates upon
                  | taking damage. [a cacodemon]
 59555 | Abyss:4  | Reached skill level 17 in Invocations
 59555 | Abyss:4  | Reached XP level 23. HP: 81/146 MP: 7/38
 59598 | Abyss:4  | Found a corrupted altar of Lugonu.
 59966 | Abyss:5  | Noticed an ancient lich
 60074 | Depths:1 | Escaped the Abyss
 60271 | Depths:1 | Lost mutation: Your flesh is heat resistant. (rF+) [potion
                  | of mutation]
 60271 | Depths:1 | Lost mutation: Your muscles are strong. (Str +4, Int/Dex
                  | -1) [potion of mutation]
 60271 | Depths:1 | Gained mutation: You sometimes lose your temper in combat.
                  | [potion of mutation]
 60272 | Depths:1 | Lost mutation: Your body sometimes deteriorates upon taking
                  | damage. [potion of mutation]
 60272 | Depths:1 | Lost mutation: You are dopey. (Int -2) [potion of mutation]
 60272 | Depths:1 | Gained mutation: You are covered in fur. (AC +1) [potion of
                  | mutation]
 60272 | Depths:1 | Gained mutation: You expend magic power (3 MP) to
                  | strengthen your wands. [potion of mutation]
 60273 | Depths:1 | Lost mutation: You sometimes lose your temper in combat.
                  | [potion of mutation]
 60273 | Depths:1 | Lost mutation: You are covered in fur. (AC +1) [potion of
                  | mutation]
 60273 | Depths:1 | Gained mutation: You are partially covered in iridescent
                  | scales. (AC +2) [potion of mutation]
 60823 | Vaults:5 | Killed from afar by an ancient lich

Illustrated notes

Levels and vault maps discovered:
D:1:      spicycebolla_arrival_risky_transporter, layout_loops_ring,
          nicolae_ecumenical_snake_handling
D:2:      layout_basic, uniq_robin, uniq_terence
D:3:      layout_loops_ring, mainiacjoe_overflow_cross_hatched,
          gup_sewer_entry_spiral, chequers_serial_rivers_micro_d,
          minmay_misc_feat_cross
D:4:      layout_basic, zin_academy, dk_xom_monty_hall, serial_shops,
          nicolae_shop_rolling_square, st_stairs_3,
          chequers_serial_rivers_micro_d, hex_medium
D:5:      layout_gridville, nicolae_gozag_cash_rules_everything_around_me,
          cheibriados_altar_1, minmay_temple_entry_offerings, uniq_edmund
D:6:      layout_basic, nicolae_sif_muna_little_library,
          nicolae_dithmenos_shadow_blocks, serial_demonic, serial_demonic_d,
          serial_demonic_f, serial_demonic_g, serial_demonic_e,
          serial_demonic_f, serial_demonic_d, serial_demonic_c,
          kennysheep_small_circle
D:7:      minmay_general_purpose_star, layout_gridville, enter_ossuary_1,
          gammafunk_ghost_cemetery, minmay_diced_spiral
D:8:      kennysheep_six_static_rooms, layout_basic, trog_antimagical,
          makhleb_grotto_becter, lemuel_zombie_altar_yredelemnul,
          serial_aquarium, aquarium_bridge_island_small
          [aquarium_subvault_small_open, aquarium_subvault_bridge,
          aquarium_subvault_bridge, aquarium_subvault_bridge,
          aquarium_subvault_bridge], aquarium_window_2, aquarium_window_3,
          aquarium_window_fake, aquarium_window_fake, aquarium_view_2a,
          aquarium_view_4, aquarium_balcony_3a, aquarium_pool_2
D:9:      layout_cave_pools, marbit_many_paths, lair_entry_dummy, orc_0_dummy,
          ebering_ghost_xom
D:10:     layout_rooms, amcnicky_altar_gilded, kennysheep_okawaru_gauntlet,
          uniq_grum, uniq_nergalle, uniq_harold
D:11:     layout_gridville, chequers_mini_garden, uniq_snorg, uniq_josephine,
          uniq_fannar
D:12:     minmay_sliced_demisemicircle, layout_rooms, ebering_ghost_gozag
D:13:     layout_basic
D:14:     layout_stronghold, david_vaults_3, serial_park_avenue1,
          gammafunk_ghost_mausoleum
D:15:     hellmonk_depths_entry_around_the_bend, layout_basic,
          grunt_decor_resistance, grunt_ministairs_1
Temple:   nicolae_temple_bog_church
Lair:1:   layout_hall_layers, st_stairs_3
Lair:2:   nzn_winding_woodlands_cross [nzn_winding_woodlands_5x15_lazy_stream,
          nzn_winding_woodlands_5x15_river_crossing,
          nzn_winding_woodlands_5x15_pockets,
          nzn_winding_woodlands_5x15_crooked,
          nzn_winding_woodlands_15x15_thick_spiral], layout_big_grid
Lair:3:   dpeg_oklob_shooting_range, layout_concentric_octagons,
          alex1729_swamp_entry_worm_eleionoma, nicolae_snake_entry_warm_welcome,
          uniq_kirke
Lair:4:   layout_long_grid, serial_rivers, chequers_serial_rivers_large_b,
          chequers_serial_rivers_micro_c, chequers_serial_rivers_marsh,
          chequers_serial_rivers_micro_d, infiniplex_staircase_pool
Lair:5:   due_jungle_book, layout_regular_city, dpeg_slime_entry_enclosed,
          chequers_serial_rivers_large_a
Swamp:1:  layout_basic_swamp, evilmike_swamp_ruin_house_3, uniq_roxanne,
          uniq_aizul
Swamp:2:  layout_basic_swamp, evilmike_swamp_ruin_house_5
Swamp:3:  layout_basic_swamp, evilmike_swamp_ruin_wall
Swamp:4:  swamp_alternative, layout_basic_swamp
Snake:1:  layout_onion_interference, serial_shops, statue_bzr,
          nicolae_snake_salamander_fort, uniq_rupert
Snake:2:  layout_misc_corridors, nicolae_snake_snakes_in_the_grass, uniq_donald
Snake:3:  layout_chambers, st_stairs_9
Snake:4:  snake_pit, layout_cave_town, minmay_shop_grid_forest,
          nicolae_snake_single_loop
Orc:1:    layout_caves, nicolae_orc_lost_temple
Orc:2:    grunt_orc_cross, layout_diamond_mine, portal_ice_cave_demonic_guard,
          special_room
Elf:1:    eino_elf_arrival_customs, layout_loops_ring, gammafunk_ghost_arena,
          serial_shops, shop, kennysheep_underground_church,
          nicolae_elf_w_pinch, uniq_asterion
Elf:2:    elven_hall_of_blades_hangedman_original [grunt_blade_entry_basic],
          layout_gridlike, ebering_ghost_rock_garden, nicolae_take_the_stairs
Elf:3:    minmay_elf_hall_quartered_circle, layout_onion_city, serial_shops,
          nicolae_shop_gibbet_a_chance, shop, shop_fountains,
          nicolae_shop_getting_attention, nicolae_shop_statue_plus
Vaults:1: vaults_standard_mumra_enter_the_diamond, grunt_vaults_trifunnel,
          vaults_standard_mumra_enter_the_diamond, v_misc_30,
          hangedman_vaults_impose, nicolae_vaults_little_squares_4,
          ontoclasm_vaults_spin, nicolae_vaults_sealed_display,
          nicolae_vaults_ring_of_whatevers, vaults_room_door_ring,
          layout_vaults_omnibox, uniq_zenata
Vaults:2: nicolae_vaults_what_the_h, nicolae_vaults_door_testing_chamber,
          nicolae_vaults_storage_room_statues, nicolae_vaults_little_squares_2,
          dpeg_vaults_monster_box, ontoclasm_vaults_pinch,
          layout_vaults_omnigrid
Vaults:3: nicolae_vaults_diamond_2, vaults_standard_mumra_enter_the_diamond,
          vaults_dpeg_encased_lava, nicolae_vaults_trapezoid_lopsided_2,
          nicolae_vaults_steering_wheel, nicolae_vaults_more_shelving_2,
          blue_anna_dwarven_crypt, hangedman_vaults_snaps,
          hangedman_vaults_slice, nicolae_vaults_offset_grid_hallway_4,
          layout_vaults_big_cross, serial_shops, shop
Vaults:4: nicolae_vaults_security_offices_4, v_misc_11, vaults_dpeg_hooks,
          nicolae_vaults_storage_closets_1, ontoclasm_vaults_fault, v_rooms_6,
          v_misc_17, nicolae_vaults_taking_the_gang_shopping,
          ontoclasm_vaults_hangar, nicolae_vaults_tetromino_L_1,
          ontoclasm_vaults_gateway, nicolae_vaults_storage_room_glass,
          nicolae_vaults_tetromino_Z_2, vaults_dpeg_diagonal, layout_vaults_ring
Vaults:5
Depths:1: layout_cave_pools, hell_entry, nicolae_titane, abyss_entry,
          fedhas_altar_4, serial_bayou_shore_b, firewood_loft, minmay_shoptagon,
          uniq_nikola

Skill      XL: |  1  2  3  4  5  6  7  8  9 10 11 12 13 14 15 16 17 18 19 20 21 22 23 |
---------------+----------------------------------------------------------------------+-----
Invocations    | 1 2 3 4 5 6 7 8 9 10 11 12 13 14 15 16 17 | 17.1
Short Blades   | 1 2 3 5 7 8 9 10 11 12 13 14 15 | 15.8
Long Blades    | 1 2 3 5 7 8 9 10 11 12 13 14 15 | 15.8
Axes           | 1 2 3 5 7 8 9 10 11 12 13 14 15 | 15.8
Maces & Flails | 1 2 3 5 7 8 9 10 11 12 13 14 15 | 15.8
Polearms       | 1 2 3 5 7 8 9 10 11 12 13 14 15 16 | 16.2
Staves         | 1 2 3 5 7 8 9 10 11 12 13 14 15 | 15.8
Ranged Weapons | 1 2 3 5 7 8 9 10 11 12 13 14 15 | 15.8
Throwing       | 1 2 3 5 7 8 9 10 11 12 13 14 15 | 15.8
Armour         | 1 2 3 5 7 8 9 10 11 12 13 14 15 16 | 16.2
Stealth        | 1 2 3 5 7 8 9 10 11 12 13 14 15 | 15.8
Shields        | 1 2 3 5 7 8 9 10 11 12 13 14 15 | 15.8
Spellcasting   | 1 2 3 5 7 8 9 10 11 12 13 14 15 | 15.8
Evocations     | 1 2 3 5 7 8 9 10 11 12 13 14 15 | 15.8
Fighting       | 3 4 5 6 7 8 9 10 11 12 13 14 15 16 | 16.0
Conjurations   | 1 2 3 4 5 6 7 8 9 10 11 12 13 | 13.4
Hexes          | 1 2 3 4 5 6 7 8 9 10 11 12 13 | 13.4
Summonings     | 1 2 3 4 5 6 7 8 9 10 11 12 13 | 13.4
Necromancy     | 1 2 3 4 5 6 7 8 9 10 11 12 13 | 13.4
Translocations | 1 2 3 4 5 6 7 8 9 10 11 12 13 | 13.4
Transmutations | 1 2 3 4 5 6 7 8 9 10 11 12 13 | 13.4
Fire Magic     | 1 2 3 4 5 6 7 8 9 10 11 12 13 | 13.4
Ice Magic      | 1 2 3 4 5 6 7 8 9 10 11 12 13 | 13.4
Air Magic      | 1 2 3 4 5 6 7 8 9 10 11 12 13 | 13.4
Earth Magic    | 1 2 3 4 5 6 7 8 9 10 11 12 13 | 13.4
Poison Magic   | 1 2 3 4 5 6 7 8 9 10 11 12 13 | 13.4
Dodging        | 5 6 7 8 9 10 11 12 13 14 15 16 | 16.4
Unarmed Combat | 7 8 9 10 11 12 13 14 15 16 | 16.9
Shapeshifting  | 7 8 9 10 11 12 13 14 | 14.8

Action                     |  1- 3 |  4- 6 |  7- 9 | 10-12 | 13-15 | 16-18 | 19-21 | 22-24 || total
---------------------------+-------+-------+-------+-------+-------+-------+-------+-------++-------
  Melee: Unarmed           |    18 |    97 |   241 |   181 |       |     9 |       |       ||   546
         Bite              |     6 |       |       |   107 |   274 |   137 |   214 |   123 ||   861
         Short sword       |    79 |    18 |       |   148 |    60 |       |       |       ||   305
         Punch             |     2 |     2 |       |       |       |       |       |       ||     4
         Constrict         |       |    21 |    44 |    37 |       |       |       |       ||   102
         Spear             |       |       |       |   558 |  1817 |  1128 |  1176 |   673 ||  5352
         Flail             |       |       |       |       |    37 |    46 |       |       ||    83
   Cast: Scorch            |       |       |       |    11 |     8 |     1 |       |       ||    20
         Stone Arrow       |       |       |       |     3 |     8 |    34 |     1 |       ||    46
         Manifold Assault  |       |       |       |       |   220 |   226 |   102 |     2 ||   550
         Fireball          |       |       |       |       |    64 |    39 |       |       ||   103
         Mephitic Cloud    |       |       |       |       |    46 |    25 |    62 |    52 ||   185
         Freezing Cloud    |       |       |       |       |    27 |   230 |   189 |    27 ||   473
         Ignite Poison     |       |       |       |       |    22 |    15 |    22 |    18 ||    77
         Irradiate         |       |       |       |       |       |    25 |    21 |    13 ||    59
         Leda's Unmaking   |       |       |       |       |       |       |    77 |   125 ||   202
         Eringya's Noxious |       |       |       |       |       |       |     1 |     2 ||     3
 Invoke: Curse Item        |       |       |     1 |     3 |     2 |     1 |       |       ||     7
         Shatter the Chain |       |       |       |       |       |       |     1 |       ||     1
Ability: Begin Untransform |       |     1 |       |     1 |       |       |       |     1 ||     3
         Evoke Blink       |       |       |       |     5 |     4 |     2 |       |     5 ||    16
  Evoke: Wand              |       |       |       |    43 |    56 |     6 |     1 |    16 ||   122
         Condenser vane    |       |       |       |       |     1 |       |       |     1 ||     2
    Use: Potion            |     3 |     2 |       |    10 |     3 |     5 |     4 |    22 ||    49
         Scroll            |       |       |       |    16 |    13 |     7 |     8 |    20 ||    64
   Stab: Sleeping          |     2 |     3 |     6 |    10 |    17 |     3 |     6 |       ||    47
         Paralysed         |       |       |       |    13 |     6 |       |       |       ||    19
         Confused          |       |       |       |       |    17 |     5 |    22 |    11 ||    55
         Distracted        |       |       |       |       |       |     1 |       |     3 ||     4
         Invisible         |       |       |       |       |       |     3 |    12 |       ||    15
 Armour: Animal skin       |     7 |     1 |       |       |       |       |       |       ||     8
         Skin              |       |    61 |    83 |    42 |       |    80 |   530 |   384 ||  1180
         Leather armour    |       |       |       |   257 |   342 |   156 |       |       ||   755
         Quicksilver drago |       |       |       |       |       |       |       |    13 ||    13
  Dodge: Dodged            |    56 |    57 |   126 |   653 |   750 |   304 |   724 |   592 ||  3262
  Block: Buckler           |       |       |       |   204 |   321 |       |       |       ||   525
         Kite shield       |       |       |       |       |   122 |   537 |  1277 |  1155 ||  3091
         Reflection        |       |       |       |       |       |       |    51 |    44 ||    95
   Form: Anaconda          |       |     1 |       |       |       |       |       |       ||     1
         Statue            |       |       |       |       |       |     1 |       |     1 ||     2

Table legend: (Time is in decaauts)
 A = Elapsed time spent in this place.
 B = Non-inter-level travel time spent in this place.
 C = Inter-level travel time spent in this place.
 D = Time resting spent in this place.
 E = Time spent auto-exploring this place.
 F = Levels seen in this place.
 G = Mean time per level.
                   A        B        C        D        E       F      G
               +--------+--------+--------+--------+--------+-----+--------+
         Total |  68202 |  62784 |   5418 |  18695 |  23786 |  49 | 1391.9 |
       Dungeon |  19295 |  17533 |   1762 |   4275 |   8101 |  15 | 1286.3 |
        Temple |     36 |     19 |     17 |      0 |      0 |   1 |   36.0 |
          Lair |  10458 |   9207 |   1251 |   2755 |   3178 |   5 | 2091.6 |
         Swamp |   4653 |   4459 |    194 |   1612 |   1347 |   4 | 1163.2 |
     Snake Pit |   6994 |   6669 |    325 |   1666 |   3052 |   4 | 1748.5 |
  Orcish Mines |   2308 |   2067 |    241 |    606 |    633 |   2 | 1154.0 |
   Elven Halls |   8189 |   7437 |    752 |   2429 |   2576 |   3 | 2729.7 |
        Vaults |  11129 |  10338 |    791 |   3608 |   4145 |   5 | 2225.8 |
        Depths |   1479 |   1396 |     83 |    436 |    650 |   1 | 1479.0 |
         Abyss |   2299 |   2299 |      0 |    814 |      1 |   5 |  459.8 |
        Bazaar |    182 |    182 |      0 |      0 |     85 |   1 |  182.0 |
         Sewer |    220 |    220 |      0 |    101 |     15 |   1 |  220.0 |
       Ossuary |    270 |    270 |      0 |      0 |      1 |   1 |  270.0 |
      Ice Cave |    684 |    684 |      0 |    389 |      0 |   1 |  684.0 |
               +--------+--------+--------+--------+--------+-----+--------+

Top non-repeatable levels by time:
Vaults:4: 4125 daAuts
   Elf:2: 3330 daAuts
  Lair:5: 2699 daAuts
Vaults:2: 2568 daAuts
     D:9: 2493 daAuts
Vaults:1: 2460 daAuts
   Elf:1: 2434 daAuts
   Elf:3: 2424 daAuts
  Lair:1: 2352 daAuts
 Snake:4: 2267 daAuts
 Snake:3: 2061 daAuts
  Lair:4: 1991 daAuts
Vaults:3: 1910 daAuts
  Lair:2: 1709 daAuts
  Lair:3: 1705 daAuts
